 Dungeon Crawl Stone Soup version 0.26-a0-1222-g14533b3512 (webtiles) character file.

Game seed: 1194803415904125739

617 CurlyBrace the Sneak (level 7, -9/35 HPs)
             Began as a Felid Delver on Dec 31, 2020.
             Splashed by a jelly's acid (10 damage)
             ... on level 8 of the Dungeon.
             The game lasted 00:22:30 (1309 turns).

CurlyBrace the Sneak (Felid Delver)                 Turns: 1309, Time: 00:22:30

Health: -9/35      AC:  4    Str:  8    XL:     7   Next: 21%
Magic:  8/8        EV: 22    Int: 13    God:
Gold:   150        SH:  0    Dex: 20    Spells: 6/6 levels left
                                        Lives:  0   Deaths: 2

rFire    . . .     SeeInvis +     - Unarmed
rCold    + + .     Faith    .   (shield unavailable)
rNeg     . . .     Spirit   .   (armour unavailable)
rPois    .         Reflect  .   (helmet unavailable)
rElec    .         Harm     .   (cloak unavailable)
rCorr    .         Rampage  .   (gloves unavailable)
Will     +....     Clarity  +   (boots unavailable)
Stlth    ++++......             (no amulet)
HPRegen  0.11/turn              c - ring of protection from cold
MPRegen  0.11/turn              (no ring)

@: quick
A: very small, no armour, no weapons or thrown items, stealth, claws 1, fangs 3,
iridescent scales 1, see invisible, agile 1, clarity, cold resistance 1, speed
1, shaggy fur 2, sharp paws
a: no special abilities


You were on level 8 of the Dungeon.
You visited 1 branch of the dungeon, and saw 6 of its levels.
You also visited: Ossuary and Bailey.

You collected 150 gold pieces.

Inventory:

Jewellery
 c - a ring of protection from cold (left paw)
   (You found it on level 5 of the Dungeon)
Wands
 v - a wand of digging (3)
Scrolls
 a - a scroll of fog
 e - a scroll of immolation
 k - a scroll of fear
 r - a scroll of identify
 t - a scroll of teleportation
Potions
 d - a potion of might
 g - 2 potions of mutation
 q - 2 potions of curing


   Skills:
 * Level 6.3 Fighting
 + Level 6.1 Dodging
 - Level 7.0 Stealth
 * Level 6.3 Unarmed Combat
 - Level 1.0 Evocations


You had 6 spell levels left.
You didn't know any spells.
Your spell library was empty.

Dungeon Overview and Level Annotations

Branches:
Dungeon (8/15)            Ossuary (visited)          Bailey (visited)
 Temple: D:4-7         Lair: D:8-11

Altars:
Elyvilon
Hepliaklqana
Makhleb
Yredelemnul

Shops:
D:4 !   D:5 ?

Annotations:
D:5 Duvessa
D:6 exclusion: white imp


Innate Abilities, Weirdness & Mutations

You cannot wear armour.
You are incapable of wielding weapons or throwing items.
Your paws allow you to move quietly. (Stealth)
You have sharp claws.
You have razor-sharp teeth.
You have supernaturally acute eyesight. (SInv)
You cover ground quickly.
You are covered in thick fur. (AC +2)
Your sharp claws are effective at attacking unaware monsters.
You are partially covered in iridescent scales. (AC +2)
You are agile. (Dex +2)
You possess an exceptional clarity of mind.
Your flesh is cold resistant. (rC+)


Message History

You hear a splash.
The goblin barely misses you.
You enter the shallow water.
Moving in this stuff is going to be slow.
The goblin completely misses you.
Things that are here:
a +0 spear; a hobgoblin corpse Your unstable footing causes you to fumble your attack.
The goblin misses you. The goblin hits you but does no damage.
The goblin completely misses you. The goblin misses you.
The goblin hits you from afar with a +0 spear.
* * * LOW HITPOINT WARNING * * *
A jelly comes into view.
The jelly quivers.
An adder comes into view.
The jelly hits you.
* * * LOW HITPOINT WARNING * * *
You are splashed with acid!
You die...

#..≈≈≈≈≈≈≈..##........).
#.......o...)).......)..
#...........##....##....
#.....g+...##....####'#
#......#....#....##....
##......#....+.........)
.........#....#..........
.......J.#....#..........
........@######....##....
..............# ### #....
..............# .....
..............+
.............#
.............#
.............# .
(...........S# .


You could see a jelly, an adder (asleep), an orc and a goblin.

Vanquished Creatures
  A phantom (D:6)
  An ogre (D:4)
  A bullfrog (D:4)
  3 gnoll sergeants (Bailey)
  A water moccasin zombie (Ossuary)
  2 gnoll shamans (Bailey)
  A bullfrog skeleton (D:4)
  An orc priest (D:4)
  3 hounds
  An orc wizard (D:4)
  An iguana (D:5)
  5 worker ants
  3 big kobold zombies (Ossuary)
  2 mummies (Ossuary)
  6 gnolls (Bailey)
  3 adders
  A shadow imp (D:7)
  A white imp (D:5)
  2 adder zombies (Ossuary)
  2 worms (D:4)
  12 orcs
  A giant cockroach (D:4)
  A goblin (D:8)
  2 hobgoblins (D:8)
  4 jackals
  A gnoll zombie (Ossuary)
  5 hobgoblin zombies (Ossuary)
  2 kobold zombies (Ossuary)
  8 orc zombies (Ossuary)
77 creatures vanquished.

Vanquished Creatures (others)
  An orc (D:4)
  A kobold zombie (Ossuary)
  An orc zombie (Ossuary)
3 creatures vanquished.

Grand Total: 80 creatures vanquished

Notes
Turn   | Place    | Note
-------+----------+-------------------------------------------
     0 | D:5      | CurlyBrace the Felid Delver began the quest for the Orb.
     0 | D:5      | Reached XP level 1. HP: 10/10 MP: 2/2
     1 | D:6      | Noticed a worker ant
     2 | D:6      | Killed a worker ant
     3 | D:6      | Reached XP level 2. HP: 14/14 MP: 3/3
    48 | D:5      | Reached skill level 7 in Stealth
    59 | D:5      | Found a sand-covered staircase.
    76 | Ossuary  | Entered an ossuary
   109 | Ossuary  | Reached XP level 3. HP: 17/17 MP: 4/4
   124 | Ossuary  | Gained mutation: You are agile. (Dex +2) [potion of
                  | mutation]
   124 | Ossuary  | Gained mutation: You possess an exceptional clarity of
                  | mind. [potion of mutation]
   124 | Ossuary  | Gained mutation: Your flesh is cold resistant. (rC+)
                  | [potion of mutation]
   124 | Ossuary  | Gained mutation: You are partially covered in iridescent
                  | scales. (AC +2) [potion of mutation]
   141 | Ossuary  | Reached XP level 4. HP: 5/21 MP: 5/5
   193 | Ossuary  | HP: 1/22 [poison (a dart trap)]
   196 | Ossuary  | Succumbed to poison (a dart trap)
   197 | Ossuary  | Reached XP level 3. HP: 0/18 MP: 4/4
   219 | Ossuary  | Reached XP level 4. HP: 10/22 MP: 5/5
   293 | D:5      | Found Nacs's Magic Scroll Emporium.
   359 | D:5      | Noticed Duvessa
   369 | D:4      | Found a basalt altar of Yredelemnul.
   377 | D:4      | Noticed a bullfrog
   398 | D:4      | Reached XP level 5. HP: 11/25 MP: 6/6
   493 | D:4      | Found Womn's Distillery.
   532 | D:4      | Gained mutation: You are covered in thick fur. (AC +2)
                  | [Felid growth]
   532 | D:4      | Reached XP level 6. HP: 22/29 MP: 7/7
   663 | D:4      | Reached skill level 5 in Fighting
   663 | D:4      | Reached skill level 5 in Unarmed Combat
   686 | D:4      | Found a burning altar of Makhleb.
   686 | D:4      | Found a white marble altar of Elyvilon.
   698 | D:4      | Reached skill level 5 in Dodging
   797 | D:5      | Reached XP level 7. HP: 33/33 MP: 8/8
   829 | D:6      | Reached skill level 1 in Evocations
   843 | D:6      | Found a hazy altar of Hepliaklqana.
  1101 | D:8      | Found a flagged portal.
  1136 | Bailey   | Entered a bailey
  1199 | Bailey   | Mangled by a gnoll sergeant
  1200 | Bailey   | Reached XP level 6. HP: -8/31 MP: 7/7
  1221 | Bailey   | Reached XP level 7. HP: 34/34 MP: 8/8
  1262 | Bailey   | HP: 1/35 [gnoll sergeant/+0 glaive (9)]
  1309 | D:8      | HP: 1/35 [jelly (2)]
  1309 | D:8      | Splashed by a jelly's acid

Illustrated notes

Levels and vault maps discovered:
D:3:      layout_rooms, chequers_ecumenical_altar_lobes, uniq_sigmund,
          uniq_robin, uniq_grinder
D:4:      layout_cave_pools, yredelemnul_altar_generic,
          gammafunk_temple_overflow_wave, serial_shops, shop_statue
D:5:      layout_loops_ring, serial_shops, shop, nicolae_ossuary_entry_ruins,
          uniq_duvessa
D:6:      layout_rooms, lemuel_round_altar
D:7:      layout_basic, kennysheep_mini_moat, minmay_temple_entry_wispy,
          serial_shops, shop
D:8:      kennysheep_windowed_halls, layout_gridville, enter_bailey_4,
          grunt_dithmenos_shadows, uniq_erica

Skill      XL: |  1  2  3  4  5  6  7 |
---------------+----------------------+-----
Dodging        | 3 4 5 6 |  6.1
Stealth        | 7 |  7.0
Unarmed Combat | 3 4 5 6 |  6.3
Fighting       | 4 5 6 |  6.3
Evocations     | 1 |  1.0

Action                   |  1- 3 |  4- 6 |  7- 9 || total
-------------------------+-------+-------+-------++-------
Melee: Unarmed           |    29 |   109 |    88 ||   226
       Bite              |     6 |    18 |     8 ||    32
       Punch             |     1 |     3 |     1 ||     5
Evoke: Wand              |     5 |     9 |     2 ||    16
  Use: Scroll            |     1 |     2 |     5 ||     8
       Potion            |     2 |     5 |     6 ||    13
 Stab: Sleeping          |     7 |     7 |     3 ||    17
Armor: Skin              |       |     6 |     4 ||    10
Dodge: Dodged            |    14 |    68 |    88 ||   170

Table legend: (Time is in decaauts)
 A = Elapsed time spent in this place.
 B = Non-inter-level travel time spent in this place.
 C = Inter-level travel time spent in this place.
 D = Time resting spent in this place.
 E = Time spent auto-exploring this place.
 F = Levels seen in this place.
 G = Mean time per level.
                   A        B        C        D        E       F      G
               +--------+--------+--------+--------+--------+-----+--------+
         Total |   1106 |   1104 |      2 |      0 |      0 |   8 |  138.2 |
       Dungeon |    818 |    816 |      2 |      0 |      0 |   6 |  136.3 |
       Ossuary |    160 |    160 |      0 |      0 |      0 |   1 |  160.0 |
        Bailey |    128 |    128 |      0 |      0 |      0 |   1 |  128.0 |
               +--------+--------+--------+--------+--------+-----+--------+

Top non-repeatable levels by time:
     D:4: 302 daAuts
     D:6: 208 daAuts
     D:5: 188 daAuts
 Ossuary: 160 daAuts
  Bailey: 128 daAuts
     D:8: 93 daAuts
     D:7: 19 daAuts
     D:3: 6 daAuts
